 Dungeon Crawl Stone Soup version 0.19-a0-1456-gc747e27 (webtiles) character file.

79 RonnieColeman the Conjurer (level 4, -2/27 HPs)
             Began as an Octopode Conjurer on Sept 6, 2016.
             Killed by nerve-wracking pain
             ... invoked by an orc priest
              (13 damage)
             ... on level 2 of the Dungeon.
             The game lasted 00:03:13 (2069 turns).

RonnieColeman the Conjurer (Octopode Conjurer)      Turns: 2069, Time: 00:03:14

Health: -2/27      AC:  1    Str:  7    XL:     4   Next: 37%
Magic:  9/9        EV: 13    Int: 18    God:
Gold:   68         SH:  0    Dex: 12    Spells: 1 memorised, 9 levels left

rFire  . . .     SeeInvis .     g - +0 club
rCold  . . .     Gourm    .     (no shield)
rNeg   . . .     Faith    .     (helmet restricted)
rPois  .         Spirit   .     (no amulet)
rElec  .         Dismiss  .     (no ring)
rCorr  .         Reflect  .     (no ring)
MR     .....     Harm     .     (no ring)
Stlth  +++.......               (no ring)
                                (no ring)
                                (no ring)
                                (no ring)
                                (no ring)

@: no status effects
A: almost no armour, stealthy swim, amphibious, 8 rings, constrict 8, camouflage
1, gelatinous body 1
a: no special abilities


You were on level 2 of the Dungeon.
You were near starving.

You visited 1 branch of the dungeon, and saw 3 of its levels.

You collected 68 gold pieces.

Inventory:

Hand Weapons
 g - a +0 club (weapon)
Jewellery
 i - a cursed ring of teleportation {unknown}
Scrolls
 f - a scroll of noise {unknown}
Potions
 d - 2 potions of flight
 e - a potion of agility {unknown}
 m - a potion of heal wounds {unknown}
 n - a potion of invisibility {unknown}
Books
 a - a book of Conjurations

   Spells                             Type                      Level
   a - Magic Dart                     Conjuration                  1
   b - Searing Ray                    Conjuration                  2
   c - Dazzling Spray                 Conjuration/Hexes            3
   d - Fulminant Prism                Conjuration/Hexes            4
   e - Iskenderun's Mystic Blast      Conjuration                  4
   f - Iskenderun's Battlesphere      Conjuration/Charms           5
Comestibles
 b - a bread ration
 c - a slice of pizza
 h - a royal jelly


   Skills:
 - Level 2.0 Dodging
 - Level 2.6 Stealth
 * Level 3.6 Spellcasting
 + Level 4.6 Conjurations


You had 9 spell levels left.
You knew the following spells:

 Your Spells              Type           Power        Failure   Level  Hunger
a - Magic Dart            Conj           ###.         1%          1    None


Dungeon Overview and Level Annotations

Branches:
Dungeon (3/15)

Altars:

Annotations:
D:3 Ultraviolent4's ghost, weakling DsAE


Innate Abilities, Weirdness & Mutations

You cannot wear most types of armour.
You are very stealthy in the water.
You are amphibious.
You can wear up to eight rings at the same time.
You can use your tentacles to constrict eight enemies at once.
Your skin changes colour to match your surroundings (Stealth+).
Your rubbery body absorbs attacks. (AC +1, EV +1)


Message History

You squeeze the orc priest, but do no damage.
The orc priest is moderately wounded.
You constrict the orc priest.
The orc priest miscasts a cantrip.
You hit the orc priest.
The orc priest is severely wounded.
You constrict the orc priest, but do no damage.
The orc priest closely misses you. x2
You hit the orc priest but do no damage.
The orc priest is severely wounded.
You constrict the orc priest. The orc priest hits you with a dagger.
You hit the orc priest but do no damage.
The orc priest is almost dead.
You constrict the orc priest. The orc priest barely misses you.
You hit the orc priest but do no damage.
The orc priest is almost dead.
You constrict the orc priest, but do no damage.
The orc priest calls down the wrath of Beogh upon you.
Pain shoots through your body!
You die...

#.#.###.##......# #.#......# #
#..#.##.##.##.### ##...##########
.........<....# #...# #.....
#....##.......# #...# #.##.#
..#.###.##..#.# #...# #.##.#
###.###.##..#.# #...# #.##..
.....##.......# #...# #.##.#
.....##.#.###.######...#####.....
.....##..## ##.o@............##..
...).##..# #..(................
.....##..## ##...............###.
.....##.#.###.######...#######...
.....##.......# #...#######>#.
####.####.##### #.............
#.# #.# #....####...#.
####.####.# #....####...#.
..........# #.#.........(.


You could see an orc priest.

Vanquished Creatures
  3 adders (D:2)
  A worm (D:2)
  A dart slug (D:1)
  2 giant geckos
  5 bats
  3 giant cockroaches
  5 goblins
  7 hobgoblins
  2 quokkas
  2 ball pythons
  2 giant newts
  5 kobolds
  7 rats
45 creatures vanquished.

Notes
Turn   | Place    | Note
-------+----------+-------------------------------------------
     0 | D:1      | RonnieColeman the Octopode Conjurer began the quest for the Orb.
     0 | D:1      | Reached XP level 1. HP: 11/11 MP: 3/3
   193 | D:1      | Reached XP level 2. HP: 15/17 MP: 5/5
   801 | D:2      | Reached XP level 3. HP: 20/21 MP: 7/7
  1223 | D:2      | Reached XP level 4. HP: 25/27 MP: 0/9
  1646 | D:3      | Noticed Ultraviolent4's ghost (weakling DsAE)
  2069 | D:2      | Killed from afar by an orc priest

Vault maps used:
D:1:      dpeg_arrival_rooms_c
D:3:      ecumenical_altar_1, hangedman_abyss_or_decor_lesser_grid

Skill      XL: |  1  2  3 |
---------------+----------+-----
Spellcasting   | 3 |  3.6
Dodging        | |  2.0
Stealth        | |  2.6
Conjurations   | |  4.6

Action                   |  1- 3 |  4- 6 || total
-------------------------+-------+-------++-------
Melee: Unarmed           |    19 |       ||    19
       Constrict         |    16 |     3 ||    19
       Tentacles         |     7 |     5 ||    12
       Club              |    39 |    21 ||    60
 Cast: Magic Dart        |    29 |    27 ||    56
  Use: Scroll            |     6 |     1 ||     7
 Stab: Sleeping          |     8 |     1 ||     9
  Eat: Chunk             |     1 |     1 ||     2
Armor: Skin              |     8 |     5 ||    13
Dodge: Dodged            |    45 |    27 ||    72
